 Dungeon Crawl Stone Soup version 0.31-a0-1555-g5715333c33 (webtiles) character file.

Game seed: 13791373141856030494

4 GordonOverkill the Sneak (level 1, -1/11 HPs)
             Began as a Spriggan Delver on Jan 3, 2024.
             Slain by an orc wizard
             ... wielding a +0 dagger
              (3 damage)
             ... on level 6 of the Dungeon.
             The game lasted 00:01:08 (147 turns).

GordonOverkill the Sneak (Spriggan Delver)           Turns: 147, Time: 00:01:08

Health: -1/11      AC:  2    Str:  8    XL:     1   Next: 50%
Magic:  2/2        EV: 17    Int: 11    God:
Gold:   11         SH:  0    Dex: 16    Spells: 0/0 levels left

rFire   . . .        i - +1 short sword (speed)
rCold   . . .        (no shield)
rNeg    . . .        b - +0 robe
rPois   .            (helmet restricted)
rElec   .            (no cloak)
rCorr   .            (gloves unavailable)
SInv    +            (boots unavailable)
Will    .....        (no amulet)
Stlth   ++           (no ring)
HPRegen 0.21/turn    (no ring)
MPRegen 0.08/turn

%: no passive effects
@: confused, hasted, very quick
A: very small, no large weapons, unfitting armour, see invisible, speed 3
a: no special abilities


You were on level 6 of the Dungeon.
You visited 1 branch of the dungeon, and saw 2 of its levels.

You collected 11 gold pieces.

Inventory:

Hand Weapons
 h - a +0 sling
 i - a +1 short sword of speed (weapon)
Armour
 b - a +0 robe (worn)
Wands
 g - a wand of digging (3)
Scrolls
 c - a scroll of fog
 d - a scroll of revelation
 e - a scroll of fear


   Skills:
 - Level 2.4 Fighting
 - Level 2.1 Short Blades
 + Level 1.1 Ranged Weapons
 - Level 2.6 Dodging
 - Level 7.2 Stealth


You couldn't memorise any spells.
You didn't know any spells.
Your spell library was empty.

Dungeon Overview and Level Annotations

Branches:
Dungeon (6/15)
 Temple: D:4-7

Altars:

Annotations:
D:6 exclusions: killer bee and white imp


Innate Abilities, Weirdness & Mutations

You are very small and have problems with some larger weapons.
You are too small for most types of armour.
You have supernaturally acute eyesight. (SInv)
You cover ground extremely quickly. (Speed+++)


Message History

The orc wizard is moderately wounded.
You barely miss the orc wizard.
The orc wizard is moderately wounded.
You hit the orc wizard.
The orc wizard is moderately wounded.
The orc wizard completely misses you.
You hit the orc wizard but do no damage.
The orc wizard is moderately wounded.
You hit the orc wizard.
The orc wizard is heavily wounded.
You miss the orc wizard.
The orc wizard is heavily wounded.
The orc wizard hits you with a +0 dagger.
* * * LOW HITPOINT WARNING * * *
You closely miss the orc wizard.
The orc wizard is heavily wounded.
You hit the orc wizard but do no damage.
The orc wizard is heavily wounded.
The orc wizard gestures at you while chanting.
You are confused.
You hit the orc wizard.
The orc wizard is almost dead.
The orc wizard misses you.
Things that are here:
a +0 short sword; a +0 ring mail; an orc corpse You bump into the rock wall.
The orc wizard points at you and mumbles some strange words.
You are more confused.
You hit the orc wizard.
The orc wizard is almost dead.
You're too confused to move!
The orc wizard misses you.
You miss the orc wizard.
The orc wizard is almost dead.
The orc wizard hits you with a +0 dagger.
* * * LOW HITPOINT WARNING * * *
You bump into the rock wall.
You barely miss the orc wizard.
The orc wizard is almost dead.
The orc wizard hits you with a +0 dagger.
You die...

#.# #.# #.# #######.#
........# #######o#
#####.###.# #....o..#
........).# #.#
.####.#############.#
.# #...........@o).#
.# #################
##


You could see an orc wizard.

Vanquished Creatures
  2 orcs (D:6)
2 creatures vanquished.

Notes
Turn   | Place    | Note
-------+----------+-------------------------------------------
     0 | D:5      | GordonOverkill the Spriggan Delver began the quest for the
                  | Orb.
     0 | D:5      | Reached XP level 1. HP: 11/11 MP: 2/2
     7 | D:6      | Noticed a killer bee
    23 | D:6      | Noticed a black bear
    57 | D:6      | Identified the +3 ring mail of the Tuna {rPois rCorr Str-5}
    92 | D:6      | Noticed an orc wizard
   128 | D:6      | Reached skill level 1 in Ranged Weapons
   147 | D:6      | Slain by an orc wizard

Illustrated notes

Levels and vault maps discovered:
D:5:      layout_cave_pools, minmay_gold_behind_fungi, minivault_11,
          uniq_prince_ribbit1, uniq_pikel
D:6:      layout_loops_ring, enter_ossuary_3

Skill      XL: |  1 |
---------------+----+-----
Ranged Weapons | 1 |  1.1
Fighting       | |  2.4
Short Blades   | |  2.1
Dodging        | |  2.6
Stealth        | |  7.2

Action                     || total
---------------------------++-------
  Melee: Short sword       ||    22
   Fire: Sling             ||     3
    Use: Potion            ||     1
 Armour: Robe              ||     6
  Dodge: Dodged            ||     7

Table legend: (Time is in decaauts)
 A = Elapsed time spent in this place.
 B = Non-inter-level travel time spent in this place.
 C = Inter-level travel time spent in this place.
 D = Time resting spent in this place.
 E = Time spent auto-exploring this place.
 F = Levels seen in this place.
 G = Mean time per level.
                   A        B        C        D        E       F      G
               +--------+--------+--------+--------+--------+-----+--------+
         Total |     88 |     88 |      0 |      2 |      0 |   2 |   44.0 |
       Dungeon |     88 |     88 |      0 |      2 |      0 |   2 |   44.0 |
               +--------+--------+--------+--------+--------+-----+--------+

Top non-repeatable levels by time:
     D:6: 87 daAuts
     D:5: 1 daAuts
